 Dungeon Sprint DCSS version 0.20-a0-1101-g1de9d76 (webtiles) character file.

6769 Mesmaeker13 the Imperceptible (level 10, -2/79 HPs)
             Began as a Vampire Enchanter on May 4, 2017.
             Was the Champion of Dithmenos.
             Slain by a demonic crawler (11 damage)
             ... in the Dungeon (Sprint I: "Red Sonja").
             The game lasted 00:16:07 (1685 turns).

Mesmaeker13 the Imperceptible (Vampire Enchanter)   Turns: 1685, Time: 00:16:07

Health: -2/79      AC:  5    Str: 10    XL:     10   Next: 76%
Magic:  5/16       EV: 23    Int: 18    God:    Dithmenos [******]
Gold:   393        SH:  0    Dex: 18    Spells: 3/17 levels left

rFire    + . .     SeeInvis +   u - +9 lajatang "Widowmaker" {flame, rPois rF+}
rCold    + . .     Gourm    .   (shield currently unavailable)
rNeg     + + +     Faith    .   k - +2 robe {rN+}
rPois    +         Spirit   .   (no helmet)
rElec    .         Reflect  .   (no cloak)
rCorr    .         Harm     .   s - +0 pair of gloves {Str+3}
MR       +....     NoTele   +   (no boots)
Stlth    ++++++++++             (no amulet)
Regen    0.2/turn               (no ring)
MPRegen  0.2/turn               (no ring)

@: regenerating slowly, wreathed by umbra
A: fangs 3, see invisible, unbreathing
a: Bat Form, Shadow Step, Shadow Form, Renounce Religion


You were in the Dungeon.
You worshipped Dithmenos.
Dithmenos was exalted by your worship.
You were near bloodless.

You visited 1 branch You collected 1066 gold pieces.
You spent 673 gold pieces at shops.

Inventory:

Hand Weapons
 a - a +1 dagger
 l - a +0 blowgun
 u - the +9 lajatang "Widowmaker" (weapon) {flame, rPois rF+}
   (You found it in the Dungeon)

   It has been specially enchanted to burn those struck by it, causing extra
   injury to most foes and up to half again as much damage against particularly
   susceptible opponents.
   Big, fiery blades are also staple armaments of hydra-hunters.
   It protects you from fire.
   It protects you from poison.
   Dithmenos disapproves of the use of such an item.
Missiles
 m - 6 curare-tipped needles
 o - 16 poisoned needles
Armour
 k - a +2 robe of positive energy (worn)
 q - a +0 buckler
 s - a +0 pair of gloves of strength (worn)
Jewellery
 t - an uncursed ring of protection from fire
Wands
 p - a wand of confusion (27/48)
Scrolls
 b - 2 scrolls of remove curse
 j - a scroll of blinking
 n - a scroll of fear
 v - a scroll of fog
Potions
 d - 6 potions of blood
 e - 3 potions of curing
 f - a potion of heal wounds
 g - a potion of haste
 h - 4 potions of magic
 i - a potion of berserk rage
 r - a potion of flight
Books
 c - a book of Maledictions

   Spells                             Type                      Level
   a - Corona                         Hexes                        1
   b - Ensorcelled Hibernation        Hexes/Ice                    2
   c - Confuse                        Hexes                        3
   d - Tukima's Dance                 Hexes                        3
   e - Dazzling Spray                 Conjuration/Hexes            3
 w - Plog's Handbook of Unholy Flight
   (You bought it in a shop in the Dungeon)

   Spells                             Type                      Level
   a - Animate Skeleton               Necromancy                   1
   b - Regeneration                   Charms/Necromancy            3
   c - Static Discharge               Conjuration/Air              3
   d - Mephitic Cloud                 Conjuration/Poison/Air       3
   e - Summon Lightning Spire         Summoning/Air                4
   f - Silence                        Hexes/Air                    5


   Skills:
 - Level 7.3 Fighting
 - Level 10.7 Short Blades
 - Level 14.0 Dodging
 + Level 21.7 Stealth
 - Level 5.0 Shields
 - Level 4.1 Spellcasting
 - Level 10.7 Hexes
 - Level 1.3 Ice Magic
 + Level 4.2 Air Magic


You had 3 spell levels left.
You knew the following spells:

 Your Spells              Type           Power        Failure   Level  Hunger
a - Corona                Hex            #####..      1%          1    None
b - Confuse               Hex            #####...     1%          3    ###....
c - Tukima's Dance        Hex            #####...     1%          3    ###....
d - Ensorcelled Hibernat  Hex/Ice        ####..       1%          2    ##.....
e - Silence               Hex/Air        ####......   19%         5    ######.


Dungeon Overview and Level Annotations

Branches:
Dungeon (1/1)

Altars:
Cheibriados
Dithmenos
Elyvilon
Fedhas
Gozag
Hepliaklqana
Kikubaaqudgha
Makhleb
Nemelex Xobeh
Okawaru
Qazlal
Ru
Sif Muna
Trog
Uskayaw
Vehumet
Wu Jian
Xom
Yredelemnul
Zin
The Shining One
Jiyva
Lugonu

Shops:
D =}*[}**}}!:?:[}[(


Innate Abilities, Weirdness & Mutations

You heal slowly.
You have razor-sharp teeth.
You have supernaturally acute eyesight. (SInv)
You can survive without breathing.


Message History

The demonic crawler completely misses you.
Dithmenos does not appreciate your starting fires!
You feel guilty.
You slash the demonic crawler!
Dithmenos does not appreciate your starting fires!
You burn the demonic crawler.
You kill the demonic crawler!
Dithmenos accepts your kill.
Your Air Magic skill increases to level 4!
The demonic crawler hits you.
* * * LOW HITPOINT WARNING * * *
The demonic crawler completely misses you. x2
Dithmenos does not appreciate your starting fires!
You feel guilty.
You hit the demonic crawler but do no damage.
The demonic crawler is moderately wounded.
Your shadow hits the demonic crawler with a lajatang.
The demonic crawler seems less confused.
The demonic crawler completely misses you.
The demonic crawler hits you!
You die...

#..#_____##'#_§§§§§§§§..#
#⌠⌠#_.∩...'.)._#≈≈§.)#..#
####_..__##_.#'##§#####'###
#_____###'#.#..(.###.'.#
############s####'###.###.#
#∩........'...'.....'.∩##.#
###''''####.s.###########.#
#..G....####s###....†§.##§#
#G......G#.#@#.#........§§#
#..#.....#.....#'''######§#
#G......G#...).#....§§§§#.#
#.....#..#######.....§§#§§#
#G......G##.%÷÷[.....§≈####
#..#..G..##†.÷.......≈≈#
#G......G###.......≈≈≈##
###..≈≈≈≈### ###'######'###


You could see 3 demonic crawlers.

Vanquished Creatures
  2 centaur warriors (D)
  Sonja (D)
  2 unseen horrors (D)
  A deep troll (D)
  An oklob plant (D)
  2 kobold demonologists (D)
  A demonic crawler (D)
  A hornet (D)
  A slime creature (D)
  Sigmund (D)
  2 redbacks (D)
  A yak (D)
  4 floating eyes (D)
  An ogre (D)
  7 necrophages (D)
  8 jellies (D)
  Ijyb (D)
  3 ballistomycetes (D)
  A ballistomycete spore (D)
41 creatures vanquished.

Vanquished Creatures (others)
  A gargoyle (D)
  A ballistomycete spore (D)
2 creatures vanquished.

Grand Total: 43 creatures vanquished

Notes
Turn   | Place    | Note
-------+----------+-------------------------------------------
     0 | D        | Mesmaeker13 the Vampire Enchanter began the quest for the Orb.
     0 | D        | Reached XP level 1. HP: 13/13 MP: 3/3
     1 | D        | Noticed Ijyb
    27 | D        | Killed Ijyb
    27 | D        | Reached skill level 7 in Stealth
    27 | D        | Reached XP level 2. HP: 4/19 MP: 0/5
   273 | D        | Noticed an ogre
   276 | D        | Killed an ogre
   276 | D        | Reached skill level 10 in Stealth
   276 | D        | Reached XP level 3. HP: 24/24 MP: 6/6
   276 | D        | Reached XP level 4. HP: 30/30 MP: 7/7
   281 | D        | Learned a level 3 spell: Confuse
   391 | D        | Noticed Sigmund
   401 | D        | Killed Sigmund
   401 | D        | Reached skill level 5 in Dodging
   401 | D        | Reached skill level 12 in Stealth
   401 | D        | Reached XP level 5. HP: 25/35 MP: 1/8
   423 | D        | Learned a level 3 spell: Tukima's Dance
   499 | D        | Found a deep blue altar of Sif Muna.
   500 | D        | Found an ornate altar of the Wu Jian Council.
   501 | D        | Found a radiant altar of Vehumet.
   505 | D        | Reached XP level 6. HP: 41/41 MP: 9/9
   532 | D        | Found Tohyodd's Gadget Emporium.
   532 | D        | Found an ancient bone altar of Kikubaaqudgha.
   532 | D        | Found a hazy altar of Hepliaklqana.
   532 | D        | Found a stormy altar of Qazlal.
   532 | D        | Found a hide-covered altar of Uskayaw.
   532 | D        | Found a blossoming altar of Fedhas.
   532 | D        | Found a bloodstained altar of Trog.
   532 | D        | Found an iron altar of Okawaru.
   532 | D        | Found a basalt altar of Yredelemnul.
   532 | D        | Found a glowing golden altar of the Shining One.
   532 | D        | Found a snail-covered altar of Cheibriados.
   532 | D        | Found a sacrificial altar of Ru.
   532 | D        | Found a glowing silver altar of Zin.
   532 | D        | Found a shadowy altar of Dithmenos.
   532 | D        | Found a white marble altar of Elyvilon.
   532 | D        | Noticed a yak
   533 | D        | Found an opulent altar of Gozag.
   534 | D        | Killed a yak
   534 | D        | Reached skill level 13 in Stealth
   534 | D        | Reached skill level 10 in Hexes
   535 | D        | Found a sparkling altar of Nemelex Xobeh.
   543 | D        | Became a worshipper of Dithmenos the Shadowed
   551 | D        | Noticed Sonja
   560 | D        | Killed Sonja
   560 | D        | Reached skill level 15 in Stealth
   560 | D        | Reached XP level 7. HP: 21/46 MP: 6/10
   567 | D        | Learned a level 2 spell: Ensorcelled Hibernation
   727 | D        | Noticed a deep troll
   735 | D        | Killed a deep troll
   735 | D        | Reached skill level 10 in Short Blades
   735 | D        | Reached skill level 10 in Dodging
   735 | D        | Reached skill level 16 in Stealth
   735 | D        | Reached XP level 8. HP: 33/52 MP: 1/11
   817 | D        | Found Filoegu's Armour Emporium.
   858 | D        | Found a burning altar of Makhleb.
   858 | D        | Found a viscous altar of Jiyva.
   858 | D        | Found a shimmering altar of Xom.
   858 | D        | Found a corrupted altar of Lugonu.
   858 | D        | Noticed a slime creature
   861 | D        | Killed a slime creature
   861 | D        | Reached * piety under Dithmenos
   861 | D        | Reached skill level 17 in Stealth
   867 | D        | Noticed a centaur warrior
   893 | D        | Noticed a centaur warrior
   896 | D        | Killed a centaur warrior
   896 | D        | Reached skill level 18 in Stealth
   896 | D        | Reached XP level 9. HP: 66/66 MP: 12/12
   898 | D        | Killed a centaur warrior
   992 | D        | Killed a gargoyle
  1013 | D        | Reached ** piety under Dithmenos
  1013 | D        | Reached skill level 19 in Stealth
  1026 | D        | Noticed an oklob plant
  1028 | D        | Killed an oklob plant
  1129 | D        | Reached skill level 5 in Shields
  1154 | D        | Noticed an unseen horror
  1155 | D        | Noticed an unseen horror
  1161 | D        | Killed an unseen horror
  1161 | D        | Reached *** piety under Dithmenos
  1161 | D        | Reached skill level 5 in Fighting
  1161 | D        | Reached skill level 20 in Stealth
  1161 | D        | Reached XP level 10. HP: 65/76 MP: 13/13
  1163 | D        | Killed an unseen horror
  1169 | D        | Reached **** piety under Dithmenos
  1175 | D        | Reached ***** piety under Dithmenos
  1384 | D        | Got an ancient lajatang
  1417 | D        | Found Bom Hyhif's Antique Armour Shoppe.
  1417 | D        | Found Rudoesum's General Store.
  1417 | D        | Found Xahevur's Gadget Boutique.
  1419 | D        | Found Owked's General Store.
  1419 | D        | Found Otuady's General Store.
  1419 | D        | Found Haodgheh's Gadget Shoppe.
  1419 | D        | Found Idutuh's Gadget Boutique.
  1419 | D        | Found Yleyx's Distillery.
  1419 | D        | Found Xuvileo's Book Shop.
  1419 | D        | Found Faeluukh's Magic Scroll Shoppe.
  1423 | D        | Found Axirgh's Book Boutique.
  1424 | D        | Found Sipucega's Gadget Emporium.
  1424 | D        | Found Ipaogrib's Armour Boutique.
  1425 | D        | Found Yxiuck's Antique Weapon Emporium.
  1432 | D        | Bought a scroll of fog for 26 gold pieces
  1432 | D        | Bought a scroll of identify for 26 gold pieces
  1433 | D        | Bought a scroll of identify for 26 gold pieces
  1451 | D        | Bought Plog's Handbook of Unholy Flight for 595 gold pieces
  1457 | D        | Learned a level 5 spell: Silence
  1503 | D        | Found Koug's Jewellery Boutique.
  1517 | D        | Noticed a shining eye
  1517 | D        | Noticed a shining eye
  1517 | D        | Noticed a shining eye
  1518 | D        | Noticed a shining eye
  1518 | D        | Noticed a shining eye
  1518 | D        | Noticed a shining eye
  1519 | D        | Noticed a shining eye
  1519 | D        | Noticed a shining eye
  1519 | D        | Paralysed by a floating eye for 4 turns
  1527 | D        | Paralysed by a floating eye for 4 turns
  1532 | D        | Paralysed by a floating eye for 3 turns
  1536 | D        | Paralysed by a floating eye for 4 turns
  1548 | D        | Reached ****** piety under Dithmenos
  1548 | D        | Reached skill level 21 in Stealth
  1551 | D        | Paralysed by a floating eye for 3 turns
  1563 | D        | Reached skill level 1 in Ice Magic
  1680 | D        | Identified the +9 lajatang "Widowmaker" {flame, rPois rF+} (You found it in the Dungeon)
  1685 | D        | Slain by a demonic crawler

Vault maps used:
D:        dungeon_sprint_1

Skill      XL: |  1  2  3  4  5  6  7  8  9 10 |
---------------+-------------------------------+-----
Stealth        | 7 10 12 15 16 18 20 21 | 21.7
Hexes          | 7 9 10 | 10.7
Short Blades   | 4 6 7 9 10 | 10.7
Dodging        | 5 9 10 12 13 14 | 14.0
Fighting       | 4 5 7 |  7.3
Shields        | 5 |  5.0
Spellcasting   | 4 |  4.1
Ice Magic      | 1 |  1.3
Air Magic      | 4 |  4.2

Action                   |  1- 3 |  4- 6 |  7- 9 | 10-12 || total
-------------------------+-------+-------+-------+-------++-------
Melee: Dagger            |    22 |    14 |    48 |    50 ||   134
       Bite              |     4 |       |    11 |     5 ||    20
       Lajatang          |       |       |       |     5 ||     5
 Cast: Corona            |     3 |       |       |       ||     3
       Confuse           |       |     3 |     3 |    15 ||    21
 Abil: End Transformatio |       |       |       |     1 ||     1
       Bat Form          |       |       |       |     1 ||     1
  Use: Scroll            |       |       |       |     3 ||     3
       Potion            |       |       |       |     1 ||     1
 Stab: Sleeping          |     2 |     2 |     9 |    16 ||    29
       Confused          |       |     2 |     2 |     5 ||     9
Armor: Robe              |     5 |     1 |       |     3 ||     9
Dodge: Dodged            |    10 |     4 |     4 |    67 ||    85
Block: Buckler           |       |       |       |    12 ||    12
